 Dungeon Crawl Stone Soup version 0.31-a0-1291-g5386780bc2 (webtiles) character file.

Game seed: 11348383843629994277

65 Ge0ff the Grave Robber (level 3, -2/26 HPs)
             Began as a Vampire Necromancer on Dec 18, 2023.
             Slain by Crazy Yiuf
             ... wielding a +4 quarterstaff of chaos
              (17 damage)
             ... on level 2 of the Dungeon.
             The game lasted 00:04:23 (2211 turns).

Ge0ff the Grave Robber (Vampire Necromancer)        Turns: 2211, Time: 00:04:23

Health: -2/26      AC:  4    Str:  7    XL:     3   Next: 94%
Magic:  4/7        EV: 12    Int: 19    God:
Gold:   109        SH:  0    Dex: 14    Spells: 4/8 levels left

rFire   . . .        a - +0 dagger
rCold   . . .        (no shield)
rNeg    . . .        O - +0 robe
rPois   .            P - +1 helmet
rElec   .            (no cloak)
rCorr   .            (no gloves)
SInv    +            (no boots)
Will    .....        (no amulet)
Stlth   ++           (no ring)
HPRegen 0.44/turn    (no ring)
MPRegen 0.10/turn

%: no passive effects
@: healing quickly
A: alive, fangs 3, see invisible, vampiric 2
a: Exsanguinate


You were on level 2 of the Dungeon.
You visited 1 branch of the dungeon, and saw 2 of its levels.

You collected 109 gold pieces.

Inventory:

Hand Weapons
 a - a +0 dagger (weapon)
Missiles
 U - 2 stones
Armour
 O - a +0 robe (worn)
 P - a +1 helmet (worn)
Scrolls
 L - 2 scrolls of identify {unknown}
 N - a scroll of blinking {unknown}
 Q - a scroll of teleportation {unknown}
 S - 2 scrolls of enchant weapon {unknown}
 V - 3 scrolls of revelation {unknown}
 W - a scroll of noise {unknown}
Potions
 K - a potion of magic {!q}
 M - a potion of brilliance {unknown}
 R - 2 potions of curing {unknown}
 T - a potion of heal wounds {unknown}


   Skills:
 - Level 1.0 Fighting
 - Level 2.1 Dodging
 - Level 3.0 Stealth
 - Level 3.0 Spellcasting
 + Level 5.2 Necromancy


You had 4 spell levels left.
You knew the following spells:

 Your Spells              Type           Power      Damage    Failure   Level
k - Necrotise             Necr           88%        1d8       1%          1
C - Vampiric Draining     Necr           22%        2d7       5%          3

Your spell library contained the following spells:

 Spells                   Type           Power      Damage    Failure   Level
 Sandblast                Erth           4%         2d4       16%         1
 Animate Dead             Necr           22%        N/A       17%         4
 Passwall                 Tmut/Erth      1%         N/A       22%         2
 Stone Arrow              Conj/Erth      4%         3d7       41%         3
 Brom's Barrelling Bould  Conj/Erth      2%         2d3       83%         4
 Agony                    Necr           22%        N/A       43%         5


Dungeon Overview and Level Annotations

Branches:
Dungeon (2/15) Zot: 9788

Altars:

Annotations:
D:2 Crazy Yiuf


Innate Abilities, Weirdness & Mutations

Your natural rate of healing is accelerated.
You have razor-sharp teeth.
You have supernaturally acute eyesight. (SInv)
You are afflicted with vampirism and can become a bat while bloodless.


Message History

Aim: a bat (asleep, chance to affect: 91%)
The bat writhes in agony.
Casting: Necrotise (safe; 1% risk of failure)
Confirm with . or Enter, or press ? or * to list all spells.
Aiming: Necrotise (safe; 1% risk of failure)
Press: ? - help, Shift-Dir - straight line, f/p - bat
Aim: a bat (severely wounded, chance to affect: 91%)
The bat writhes in agony.
You kill the bat!
The dead are flying!
Casting: Necrotise (safe; 1% risk of failure)
Confirm with . or Enter, or press ? or * to list all spells.
You can't see any susceptible monsters within range! (Use Z to cast anyway.)
You swap places.
Your bat skeleton crumbles into dust!
Found two hammers.
Found a hammer.
You see here a +0 hammer.
Found six hammers.
Found a runed translucent door.
You see here a +0 hammer.
Found a hammer.
You see here a +0 hammer.
You see here a +0 hammer.
Found three hammers.
You see here a +0 hammer.
You open the door.
Crazy Yiuf shouts!
There is an open translucent door here.
Casting: Necrotise (safe; 1% risk of failure)
Confirm with . or Enter, or press ? or * to list all spells.
Aiming: Necrotise (safe; 1% risk of failure)
Press: ? - help, Shift-Dir - straight line, f - Crazy Yiuf
Aim: Crazy Yiuf, wielding a +4 quarterstaff of chaos and wearing a +0 cloak (chance to affect: 86%) Crazy Yiuf writhes in agony.
Casting: Necrotise (safe; 1% risk of failure)
Confirm with . or Enter, or press ? or * to list all spells.
Aiming: Necrotise (safe; 1% risk of failure)
Press: ? - help, Shift-Dir - straight line, f/p - Crazy Yiuf
Aim: Crazy Yiuf, wielding a +4 quarterstaff of chaos and wearing a +0 cloak (moderately wounded, chance to affect: 86%) Crazy Yiuf writhes in agony.
Crazy Yiuf completely misses you.
Casting: Necrotise (safe; 1% risk of failure)
Confirm with . or Enter, or press ? or * to list all spells.
Aiming: Necrotise (safe; 1% risk of failure)
Press: ? - help, Shift-Dir - straight line, f/p - Crazy Yiuf
Aim: Crazy Yiuf, wielding a +4 quarterstaff of chaos and wearing a +0 cloak (heavily wounded, chance to affect: 86%) Crazy Yiuf writhes in agony.
Crazy Yiuf hits you with a +4 quarterstaff of chaos!
You convulse!
Ouch! That really hurt!
You die...

....# #....#
##.# # ###.#
♣.P.P♣ #.#
....# ###
♣)..♣♣ ##.#
##### ##.#
♣♣)♣♣ ##.##
##.## ##..#
♣)♣♣ ####.##
#...####...#
♣♣)♣
#....#######
.......'...#
♣)♣♣
#...........
#...####<..#
♣♣)♣
#......<###.
##.## ##..# #@#
#.##.##.# #.
#### ##.# #)g)#
#....##.###.
..# ### #)))#
#.#####.##..
#.# #).)#
#.......##..
#.# #####
#.########..
#.###### #.#
##. #......#
######### #.#
#. ######.#
##>......####.#
#. #.#
#.............#
##


You could see Crazy Yiuf.

Vanquished Creatures
  An adder (D:2)
  A worm (D:2)
  2 dart slugs (D:1)
  5 ball pythons
  4 endoplasms
  A giant cockroach (D:1)
  3 hobgoblins
  4 jackals (D:1)
  3 kobolds
  4 quokkas
  4 bats
  5 goblins
  4 rats
41 creatures vanquished.

Vanquished Creatures (collateral kills)
  A ball python (D:1)
  A frilled lizard (D:1)
  3 rats
5 creatures vanquished.

Grand Total: 46 creatures vanquished

Notes
Turn   | Place    | Note
-------+----------+-------------------------------------------
     0 | D:1      | Ge0ff the Vampire Necromancer began the quest for the Orb.
     0 | D:1      | Reached XP level 1. HP: 13/13 MP: 3/3
   117 | D:1      | Reached skill level 1 in Fighting
   298 | D:1      | Reached XP level 2. HP: 21/21 MP: 1/5
   421 | D:1      | Reached skill level 5 in Necromancy
   713 | D:1      | Gained mutation: You are afflicted with vampirism and can
                  | become a bat while bloodless. [Vampire growth]
   713 | D:1      | Reached XP level 3. HP: 26/26 MP: 3/6
  1386 | D:2      | Learned a level 3 spell: Vampiric Draining
  2203 | D:2      | Found a runed translucent door.
  2204 | D:2      | Noticed Crazy Yiuf
  2211 | D:2      | Slain by Crazy Yiuf

Illustrated notes

Levels and vault maps discovered:
D:1:      minmay_arrival_diagonal_passages, layout_basic
D:2:      layout_loops_corners, uniq_crazy_yiuf_cottage

Skill      XL: |  1  2  3 |
---------------+----------+-----
Fighting       | 1 |  1.0
Necromancy     | 5 |  5.2
Spellcasting   | 3 |  3.0
Dodging        | |  2.1
Stealth        | |  3.0

Action                     || total
---------------------------++-------
  Melee: Unarmed           ||     5
         Dagger            ||     7
   Cast: Necrotise         ||    78
 Armour: Robe              ||     7
  Dodge: Dodged            ||    11

Table legend: (Time is in decaauts)
 A = Elapsed time spent in this place.
 B = Non-inter-level travel time spent in this place.
 C = Inter-level travel time spent in this place.
 D = Time resting spent in this place.
 E = Time spent auto-exploring this place.
 F = Levels seen in this place.
 G = Mean time per level.
                   A        B        C        D        E       F      G
               +--------+--------+--------+--------+--------+-----+--------+
         Total |   2210 |   2181 |     29 |    151 |   1732 |   2 | 1105.0 |
       Dungeon |   2210 |   2181 |     29 |    151 |   1732 |   2 | 1105.0 |
               +--------+--------+--------+--------+--------+-----+--------+

Top non-repeatable levels by time:
     D:1: 1145 daAuts
     D:2: 1065 daAuts
